 Dungeon Crawl Stone Soup version 0.28-a0-1594-ga885d4b3d6 (webtiles) character file.

Game seed: 2383534989480951232

171 beezmis the Grave Robber (level 5, -6/45 HPs)
             Began as a Hill Orc Necromancer on Jan 21, 2022.
             Was a Believer of the Shining One.
             Mangled by a scorpion (7 damage)
             ... on level 3 of the Dungeon.
             The game lasted 00:06:04 (3419 turns).

beezmis the Grave Robber (Hill Orc Necromancer)     Turns: 3419, Time: 00:06:06

Health: -6/45      AC:  9    Str: 11    XL:     5   Next: 51%
Magic:  7/7        EV: 13    Int: 17    God:    the Shining One [**....]
Gold:   111        SH:  0    Dex: 11    Spells: 6/7 levels left

rFire   . . .      SeeInvis .   m - +4 dagger (holy)
rCold   . . .      Faith    .   (no shield)
rNeg    + . .      Spirit   .   h - +0 scale mail
rPois   .          Reflect  .   k - +2 helmet
rElec   .          Harm     .   (no cloak)
rCorr   .          Rampage  .   (no gloves)
Will    .....                   (no boots)
Stlth   ..........              (no amulet)
HPRegen 0.15/turn               j - +4 ring of evasion
MPRegen 0.10/turn               (no ring)

@: lethally poisoned (-6 -> -9), glowing
A: no striking features
a: Renounce Religion, Divine Shield


You were on level 3 of the Dungeon.
You worshipped the Shining One.
The Shining One was pleased with you.
You visited 1 branch of the dungeon, and saw 3 of its levels.

You collected 111 gold pieces.

Inventory:

Hand Weapons
 d - a +0 mace
 m - a +4 dagger of holy wrath (weapon)
 n - a +0 hand axe
Armour
 h - a +0 scale mail (worn)
 k - a +2 helmet (worn)
Jewellery
 j - a +4 ring of evasion (left hand)
Scrolls
 a - 4 scrolls of identify {unknown}
 b - a scroll of enchant armour {unknown}
 e - a scroll of enchant weapon {unknown}
 f - a scroll of teleportation {unknown}
 i - a scroll of magic mapping {unknown}
 l - a scroll of summoning {unknown}
Potions
 c - a potion of resistance {unknown}
 g - a potion of heal wounds {unknown}


   Skills:
 + Level 3.2 Fighting
 + Level 0.0 Axes
 + Level 2.9 Armour
 - Level 1.5 Dodging
 - Level 1.5 Stealth
 - Level 1.9 Spellcasting
 - Level 4.2 Necromancy
 + Level 2.8 Invocations


You had 6 spell levels left.
You knew the following spells:

 Your Spells              Type           Power      Damage    Failure   Level
a - Pain                  Necr           64%        1d7       19%         1

Your spell library contained the following spells:

 Spells                   Type           Power      Damage    Failure   Level
 Animate Skeleton         Necr           32%        N/A       19%         1
 Vampiric Draining        Necr           16%        2d7       50%         3
 Animate Dead             Necr           8%         N/A       88%         4
 Agony                    Necr           16%        N/A       99%         5


Dungeon Overview and Level Annotations

Branches:
Dungeon (3/15)

Altars:
Wu Jian
The Shining One

Shops:
D:1 :


Message History

You hit the scorpion.
The scorpion is severely wounded.
You feel sick. The scorpion stings you.
You hit the scorpion but do no damage.
The scorpion is severely wounded.
You feel sick. The scorpion stings you.
You barely miss the scorpion. Your punch misses the scorpion.
The scorpion is severely wounded.
You feel sick. The scorpion closely misses you.
You barely miss the scorpion.
The scorpion is severely wounded.
You feel sick. The scorpion closely misses you. x2
You hit the scorpion but do no damage.
The scorpion is severely wounded.
You feel sick. The scorpion stings you!
* * * LOW HITPOINT WARNING * * *
You are lethally poisoned!
The scorpion poisons you!
You hit the scorpion but do no damage.
The scorpion is severely wounded.
* * * LOW HITPOINT WARNING * * *
You feel sick.
The scorpion stings you but does no damage.
You hit the scorpion but do no damage.
The scorpion is severely wounded.
* * * LOW HITPOINT WARNING * * *
You feel sick.
The scorpion stings you but does no damage.
You hit the scorpion but do no damage.
The scorpion is severely wounded.
* * * LOW HITPOINT WARNING * * *
You feel sick.
The scorpion stings you but does no damage.
You hit the scorpion but do no damage.
The scorpion is severely wounded.
* * * LOW HITPOINT WARNING * * *
You feel sick.
The scorpion stings you but does no damage.
The scorpion stings you!
You die...

# ### # ..# # #.# # #
########.#..#####
#.....##.#....... #
##.###.##.#.###### ###
#...###...##.##.#.#
#.########..ooos@..##......######
.#.......#..o###...#####.#....(..
#.######.## #########.#.##.#..
..# #.# #......#.#.###. ###
####.#### #.######..## ##
#.......# ##.## #.#.###.
#.##.##.# #...# #.##.#..
#.##.##.### #...#####....... ###
#.##......# #.........##.###


You could see a scorpion and 4 orcs.

Vanquished Creatures
  2 orc wizards (D:3)
  4 adders
  2 worms
  6 orcs (D:3)
  8 endoplasms
  4 giant cockroaches
  2 goblins
  2 hobgoblins (D:1)
  9 jackals (D:1)
  3 quokkas
  3 ball pythons
  5 bats
  5 frilled lizards
  10 kobolds
  4 rats
69 creatures vanquished.

Notes
Turn   | Place    | Note
-------+----------+-------------------------------------------
     0 | D:1      | beezmis the Hill Orc Necromancer began the quest for the
                  | Orb.
     0 | D:1      | Reached XP level 1. HP: 14/14 MP: 3/3
   213 | D:1      | Found a faded altar of an unknown god.
   223 | D:1      | Prayed at the altar of an unknown god.
   223 | D:1      | Became a worshipper of the Shining One
   223 | D:1      | Reached * piety under the Shining One
   328 | D:1      | Reached XP level 2. HP: 22/22 MP: 4/4
   340 | D:1      | Reached skill level 1 in Fighting
   350 | D:1      | Reached skill level 1 in Armour
   595 | D:1      | Found Isocath's Book Shop.
   747 | D:1      | Reached XP level 3. HP: 23/28 MP: 5/5
  1513 | D:2      | Found an ornate altar of the Wu Jian Council.
  1827 | D:2      | Reached skill level 1 in Invocations
  2306 | D:2      | Reached XP level 4. HP: 27/36 MP: 6/6
  2860 | D:3      | Reached ** piety under the Shining One
  2883 | D:3      | Reached XP level 5. HP: 15/44 MP: 7/7
  2897 | D:3      | The Shining One protects you from harm!
  3418 | D:3      | HP: 2/45 [poisoned by a scorpion]
  3419 | D:3      | Mangled by a scorpion

Illustrated notes

Levels and vault maps discovered:
D:1:      heliophobic_arrival_glass_houses, layout_basic,
          ebering_ecumenical_altar_hall, serial_shops, nicolae_square_shop,
          minmay_hexomino_p4
D:2:      layout_basic, basic_altar
D:3:      layout_loops_cross, minmay_three_crescents

Skill      XL: |  1  2  3  4  5 |
---------------+----------------+-----
Fighting       | 1 2 3 |  3.2
Armour         | 1 2 |  2.9
Invocations    | 1 2 |  2.8
Dodging        | |  1.5
Stealth        | |  1.5
Spellcasting   | |  1.9
Necromancy     | |  4.2

Action                   |  1- 3 |  4- 6 || total
-------------------------+-------+-------++-------
Melee: Mace              |   123 |    70 ||   193
       Dagger            |     2 |    25 ||    27
       Punch             |     3 |     2 ||     5
 Cast: Pain              |     7 |       ||     7
 Stab: Sleeping          |     1 |       ||     1
Armor: Robe              |    18 |       ||    18
       Scale mail        |    38 |    43 ||    81
Dodge: Dodged            |    94 |    59 ||   153

Table legend: (Time is in decaauts)
 A = Elapsed time spent in this place.
 B = Non-inter-level travel time spent in this place.
 C = Inter-level travel time spent in this place.
 D = Time resting spent in this place.
 E = Time spent auto-exploring this place.
 F = Levels seen in this place.
 G = Mean time per level.
                   A        B        C        D        E       F      G
               +--------+--------+--------+--------+--------+-----+--------+
         Total |   3493 |   3449 |     44 |    720 |   2109 |   3 | 1164.3 |
       Dungeon |   3493 |   3449 |     44 |    720 |   2109 |   3 | 1164.3 |
               +--------+--------+--------+--------+--------+-----+--------+

Top non-repeatable levels by time:
     D:1: 1480 daAuts
     D:2: 1060 daAuts
     D:3: 953 daAuts
